 Dungeon Crawl Stone Soup version 0.31-a0-202-g547052bce9 (webtiles) character file.

Game seed: 796871935364790556

7 qw the Shooter (level 1, 0/12 HPs)
             Began as a Deep Elf Hunter on June 25, 2023.
             Constricted to death by a ball python (1 damage)
             ... on level 1 of the Dungeon.
             The game lasted 00:00:03 (91 turns).

qw the Shooter (Deep Elf Hunter)                      Turns: 91, Time: 00:00:03

Health: 0/12       AC:  3    Str:  8    XL:     1   Next: 83%
Magic:  3/3        EV:  9    Int: 13    God:
Gold:   8          SH:  0    Dex: 18    Spells: 0/0 levels left

rFire   . . .        a - +0 shortbow
rCold   . . .        (shield currently unavailable)
rNeg    . . .        c - +0 leather armour
rPois   .            (no helmet)
rElec   .            (no cloak)
rCorr   .            (no gloves)
SInv    .            (no boots)
Will    .....        (no amulet)
Stlth   ++           (no ring)
HPRegen 0.22/turn    (no ring)
MPRegen 0.08/turn

%: no passive effects
@: constricted
A: no striking features
a: no special abilities


You were on level 1 of the Dungeon.
You visited 1 branch of the dungeon, and saw 1 of its levels.

You collected 8 gold pieces.


   Skills:
 - Level 1.5 Fighting
 + Level 5.8 Ranged Weapons
 - Level 2.4 Dodging
 - Level 1.2 Stealth


You couldn't memorise any spells.
You didn't know any spells.
Your spell library was empty.

Inventory:

Hand Weapons
 a - a +0 shortbow (weapon)
Armour
 c - a +0 leather armour (worn)
Scrolls
 b - a scroll of butterflies

Dungeon Overview and Level Annotations

Branches:
Dungeon (1/15)

Altars:


Message History

You shoot an arrow. The arrow hits the ball python.
You kill the ball python!
You start resting.
HP restored.
As you open the door, it creaks loudly!
A ball python comes into view.
The ball python hisses angrily.
You hear an angry hiss. x2
You shoot an arrow.
The arrow barely misses the ball python.
The ball python bites you. The ball python misses you.
A frilled lizard comes into view.
The ball python bites you. The ball python grabs you.
The ball python constricts you.
You shoot an arrow. The arrow hits the ball python.
The ball python is moderately wounded.
The ball python bites you but does no damage.
The ball python constricts you.
You shoot an arrow.
The arrow completely misses the ball python.
The arrow misses the frilled lizard.
You hear an angry hiss.
The ball python bites you. The ball python constricts you.
The ball python bites you. The ball python constricts you.
You hear an angry hiss.
You shoot an arrow. The arrow hits the ball python.
You kill the ball python!
The frilled lizard closely misses you.
You shoot an arrow. The arrow misses the frilled lizard.
The frilled lizard misses you.
You shoot an arrow. The arrow hits the frilled lizard.
You kill the frilled lizard!
A ball python comes into view.
You shoot an arrow.
The arrow barely misses the ball python.
You shoot an arrow.
The arrow hits the ball python but does no damage.
The ball python bites you. The ball python barely misses you.
The ball python bites you but does no damage.
The ball python grabs you. The ball python constricts you.
You die...

#..... ..... #####....
....... ..... ... ####S####
#.##@##.# ####......##
###.##....#..###
###............#.###
###............)...#.####
#.......##.....##.....#.##
#...........##...#.#.....#
##..##....#.....##.......###
##.##.###.#.##..##....#..#..#


You could see a ball python.

Vanquished Creatures
  2 endoplasms (D:1)
  A kobold (D:1)
  2 ball pythons (D:1)
  A frilled lizard (D:1)
6 creatures vanquished.

Notes
Turn   | Place    | Note
-------+----------+-------------------------------------------
     0 | D:1      | qw the Deep Elf Hunter began the quest for the Orb.
     0 | D:1      | Reached XP level 1. HP: 12/12 MP: 3/3
     0 | D:1      | 0 ||| qw: Version: 0.3-a-22-g0ed2b0b
     0 | D:1      | 0 ||| qw: Game counter: 5713
     0 | D:1      | 0 ||| qw: Melee chars always use a shield: true
     0 | D:1      | 0 ||| qw: God list: Okawaru
     0 | D:1      | 0 ||| qw: Allow faded altars: false
     0 | D:1      | 0 ||| qw: Do Orc after clearing Dungeon:15 true
     0 | D:1      | 0 ||| qw: Do second Lair branch before Depths: true
     0 | D:1      | 0 ||| qw: Lair rune preference: random
     0 | D:1      | 0 ||| qw: Goals: Normal
     0 | D:1      | 0 ||| PLANNING D:1-11
    86 | D:1      | HP: 3/12 [constriction (1)]
    86 | D:1      | HP: 1/12 [ball python (2)]
    91 | D:1      | HP: 1/12 [ball python (1)]
    91 | D:1      | Constricted to death by a ball python

Levels and vault maps discovered:
D:1:      arrival_zaba_pyramid, layout_basic, nicolae_the_louvre

Action                     || total
---------------------------++-------
   Fire: Shortbow          ||    16
 Armour: Leather armour    ||     2
  Dodge: Dodged            ||     7

Table legend:
 A = Non-vault XP
 B = Vault XP
 C = Vault XP percentage of total XP
 D = Non-vault monster count
 E = Vault monster count
 F = Vault count percentage of total count
                 A         B        C        D         E       F
            +---------+---------+-------+---------+---------+-------
      Total |      10 |       0 |   0.0 |       6 |       0 |   0.0
            +---------+---------+-------+---------+---------+-------
        D:1 |      10 |       0 |   0.0 |       6 |       0 |   0.0
            +---------+---------+-------+---------+---------+-------
